 Dungeon Sprint DCSS version 0.22.1-1-ga44c0e56f4 (webtiles) character file.

50 KleinerIrrer the Insei (level 3, -4/26 HPs)
             Began as an Octopode Monk on Nov 2, 2018.
             Slain by Crazy Yiuf
             ... wielding a +3 quarterstaff of chaos
              (5 damage)
             ... in the Dungeon (Sprint III: "The Ten Rune Challenge").
             The game lasted 00:00:27 (184 turns).

KleinerIrrer the Insei (Octopode Monk)               Turns: 184, Time: 00:00:28

Health: -4/26      AC:  1    Str: 10    XL:     3   Next: 79%
Magic:  3/3        EV: 14    Int: 12    God:
Gold:   0          SH:  0    Dex: 15    Spells: 2/2 levels left

rFire    . . .     SeeInvis .     - Unarmed
rCold    . . .     Gourm    .   (no shield)
rNeg     . . .     Faith    .   (helmet restricted)
rPois    .         Spirit   .   (no amulet)
rElec    .         Reflect  .   (no ring)
rCorr    .         Harm     .   (no ring)
MR       .....     NoTele   +   (no ring)
Stlth    +++.......             (no ring)
HPRegen  0.08/turn              (no ring)
MPRegen  0.08/turn              (no ring)
                                (no ring)
                                (no ring)

@: slowed, very slow
A: almost no armour, stealthy swim, amphibious, 8 rings, constrict 8, camouflage
1, gelatinous body 1
a: no special abilities


You were in the Dungeon.
You were not hungry.

You visited 1 branch

Inventory:

Scrolls
 g - a scroll of blinking
Potions
 b - a potion of curing
 c - a potion of heal wounds
 d - a potion of haste
 e - 2 potions of magic
 f - a potion of berserk rage
Comestibles
 a - a ration
 h - 8 chunks of flesh


   Skills:
 - Level 3.0 Fighting
 - Level 3.0 Dodging
 - Level 2.6 Stealth
 + Level 7.7 Unarmed Combat


You had 2 spell levels left.
You didn't know any spells.
Your spell library was empty.

Dungeon Overview and Level Annotations

Branches:
Dungeon (1/1)

Altars:

Annotations:
D Crazy Yiuf


Innate Abilities, Weirdness & Mutations

You cannot wear most types of armour.
You are very stealthy in the water. (Stealth+)
You are amphibious.
You can wear up to eight rings at the same time.
You can use your tentacles to constrict eight enemies at once.
Your skin changes colour to match your surroundings (Stealth+).
Your rubbery body absorbs attacks. (AC +1, EV +1)


Message History

Crazy Yiuf hits you with a quarterstaff of chaos.
You feel yourself slow down.
You barely miss Crazy Yiuf. Your grab misses Crazy Yiuf.
Crazy Yiuf is severely wounded.
Crazy Yiuf hits you with a quarterstaff of chaos!
You tentacle-slap Crazy Yiuf but do no damage.
Your grab misses Crazy Yiuf.
Crazy Yiuf is severely wounded.
Crazy Yiuf barely misses you.
You barely miss Crazy Yiuf. You grab Crazy Yiuf.
Crazy Yiuf is severely wounded.
You constrict Crazy Yiuf, but do no damage.
Crazy Yiuf closely misses you.
You barely miss Crazy Yiuf.
Crazy Yiuf is severely wounded.
You constrict Crazy Yiuf.
Crazy Yiuf hits you with a quarterstaff of chaos!
* * * LOW HITPOINT WARNING * * *
Crazy Yiuf freezes you.
You die...

▓...#......##
▓..##.......# .#
▓##.##.##..)# .#
##.##.###..# ..#
▓#.####.##..# ...+
▓.###..##..##
#...# ▓#.....##..#
#....#
###..##...##.....#
##..##...@#......#
#..###..##g#.....#
#(.# #.. ####....#
▓▓▓▓ ▓▓▓ ▓▓▓▓▓


You could see Crazy Yiuf.

Vanquished Creatures
  Jessica (D)
  A human (D)
  An ooze (D)
  2 rats (D)
5 creatures vanquished.

Vanquished Creatures (others)
  6 hellions (D)
  2 yaktaurs (D)
  4 plants (D)
12 creatures vanquished.

Grand Total: 17 creatures vanquished

Notes
Turn   | Place    | Note
-------+----------+-------------------------------------------
     0 | D        | KleinerIrrer the Octopode Monk began the quest for the Orb.
     0 | D        | Reached XP level 1. HP: 16/16 MP: 1/1
    11 | D        | Reached skill level 4 in Unarmed Combat
    29 | D        | Killed a yaktaur
    71 | D        | Noticed Jessica
    75 | D        | Killed Jessica
    75 | D        | Reached skill level 6 in Unarmed Combat
    75 | D        | Reached XP level 2. HP: 21/21 MP: 2/2
    75 | D        | Reached XP level 3. HP: 26/26 MP: 3/3
    93 | D        | Noticed Crazy Yiuf
   104 | D        | Reached skill level 7 in Unarmed Combat
   107 | D        | Killed a yaktaur
   110 | D        | Killed a hellion
   110 | D        | Killed a hellion
   122 | D        | Killed a hellion
   129 | D        | Killed a hellion
   130 | D        | Killed a hellion
   148 | D        | Killed a hellion
   184 | D        | HP: 1/26 [Crazy Yiuf/quarterstaff of chaos (9)]
   184 | D        | Slain by Crazy Yiuf

Skill      XL: |  1  2  3 |
---------------+----------+-----
Unarmed Combat | 6 7 |  7.7
Fighting       | |  3.0
Dodging        | |  3.0
Stealth        | |  2.6

Action                   || total
-------------------------++-------
Melee: Unarmed           ||    20
       Tentacles         ||     6
       Constrict         ||     3
       Punch             ||     2
 Stab: Sleeping          ||     2
Dodge: Dodged            ||     8
